TOP OF THE 1ST |
University of North Carolina at Chapel Hill Tar Heels batting - Pitching for Rice University Owls : LHP Sergio Huerta
|
Pitching: LHP Sergio Huerta
|
|
Batting: LHB Timotheus Young
|
0-0: Ground out 6-3 (Groundball, 6, EV 105.0 MPH)
|
Batting: RHB George Boivin
|
0-0: Called Strike 0-1: Ball 1-1: Foul Ball, location: 2F 1-2: Ball 2-2: Ground out 5-3 (Groundball, 5S, EV 83.1 MPH)
|
Batting: RHB David McDonald
|
0-0: Ground out 5-3 (Groundball, 56, EV 86.9 MPH)
|
Top of the 1st over - 0 runs, 0 hits, 0 errors, 0 left on base; University of North Carolina at Chapel Hill 0 - Rice University 0 |
BOTTOM OF THE 1ST |
Rice University Owls batting - Pitching for University of North Carolina at Chapel Hill Tar Heels : RHP Nate Vandergriff
|
Pitching: RHP Nate Vandergriff
|
|
Batting: LHB Josh Corkery
|
0-0: Ball 1-0: Swinging Strike 1-1: Ball 2-1: Fly out, F6 (Flyball, 5D, EV 88.1 MPH)
|
Batting: RHB Dave Crouch
|
0-0: Foul Ball, location: 2F 0-1: Fly out, F7 (Flyball, 7, EV 93.1 MPH)
|
Batting: RHB Tony Casas
|
0-0: Called Strike 0-1: Ball 1-1: Ball 2-1: Ball 3-1: Foul Ball, location: 2F 3-2: Base on Balls
|
Batting: RHB Troy Trice
|
0-0: Ball 1-0: Ground out 6-3 (Groundball, 4MD, EV 96.9 MPH)
|
Bottom of the 1st over - 0 runs, 0 hits, 0 errors, 1 left on base; University of North Carolina at Chapel Hill 0 - Rice University 0 |
TOP OF THE 2ND |
University of North Carolina at Chapel Hill Tar Heels batting - Pitching for Rice University Owls : LHP Sergio Huerta
|
Batting: RHB Aaron Stout
|
0-0: Foul Ball, location: 2F 0-1: Ball 1-1: Foul Ball, location: 2F 1-2: Ball 2-2: Foul Ball, location: 2F 2-2: Ball 3-2: Foul Ball, location: 2F 3-2: Fly out, F8 (Flyball, 78M, EV 75.0 MPH)
|
Batting: LHB Edgar Ortiz
|
0-0: Foul Ball, location: 2F 0-1: Ball 1-1: Foul Ball, location: 2F 1-2: Ball 2-2: Ball 3-2: Foul Ball, location: 2F 3-2: Ground out 6-3 (Groundball, 6M, EV 76.3 MPH)
|
Batting: RHB Travis Robinson
|
0-0: Called Strike 0-1: Ball 1-1: Called Strike 1-2: Ball 2-2: Foul Ball, location: 2F 2-2: Ground out 6-3 (Groundball, 6, EV 83.1 MPH)
|
Top of the 2nd over - 0 runs, 0 hits, 0 errors, 0 left on base; University of North Carolina at Chapel Hill 0 - Rice University 0 |
BOTTOM OF THE 2ND |
Rice University Owls batting - Pitching for University of North Carolina at Chapel Hill Tar Heels : RHP Nate Vandergriff
|
Batting: RHB Josh Faulconer
|
0-0: Fly out, F9 (Flyball, 9, EV 75.0 MPH)
|
Batting: RHB Logan Johnson
|
0-0: Called Strike 0-1: Ball 1-1: Ball 2-1: Ball 3-1: Foul Ball, location: 2F 3-2: Base on Balls
|
Batting: RHB Tony Beaumond
|
0-0: Foul Ball, location: 2F 0-1: Foul Ball, location: 2F 0-2: Ball 1-2: Foul Ball, location: 2F 1-2: Fielders Choice at 2nd, 3-6 (Groundball, 34, EV 85.6 MPH)
|
Batting: LHB Mason Duffy
|
0-0: Called Strike 0-1: Fielders Choice at 2nd, 6-4 (Groundball, 56D, EV 84.4 MPH)
|
Bottom of the 2nd over - 0 runs, 0 hits, 0 errors, 1 left on base; University of North Carolina at Chapel Hill 0 - Rice University 0 |
TOP OF THE 3RD |
University of North Carolina at Chapel Hill Tar Heels batting - Pitching for Rice University Owls : LHP Sergio Huerta
|
Batting: RHB Kazushige Hasegawa
|
0-0: Fly out, F3 (Popup, 3SF, EV 65.0 MPH)
|
Batting: RHB Jonathan Livingston
|
0-0: Fly out, F8 (Flyball, 8RD, EV 104.4 MPH)
|
Batting: RHB Norm Wood
|
0-0: Called Strike 0-1: Ball 1-1: Ball 2-1: Foul Ball, location: 2F 2-2: Strikes out swinging
|
Top of the 3rd over - 0 runs, 0 hits, 0 errors, 0 left on base; University of North Carolina at Chapel Hill 0 - Rice University 0 |
BOTTOM OF THE 3RD |
Rice University Owls batting - Pitching for University of North Carolina at Chapel Hill Tar Heels : RHP Nate Vandergriff
|
Batting: RHB Roberto Aispuro
|
0-0: Swinging Strike 0-1: Fly out, F9 (Flyball, 9, EV 88.8 MPH)
|
Batting: LHB Josh Corkery
|
0-0: Ball 1-0: Ball 2-0: Foul Ball, location: 2F 2-1: Ball 3-1: Base on Balls
|
Batting: RHB Dave Crouch
|
0-0: Called Strike 0-1: Ball 1-1: Grounds into double play, 6-4-3 (Groundball, 6, EV 80.0 MPH)
|
Bottom of the 3rd over - 0 runs, 0 hits, 0 errors, 0 left on base; University of North Carolina at Chapel Hill 0 - Rice University 0 |
TOP OF THE 4TH |
University of North Carolina at Chapel Hill Tar Heels batting - Pitching for Rice University Owls : LHP Sergio Huerta
|
Batting: LHB Timotheus Young
|
0-0: Called Strike 0-1: Foul Ball, location: 2F 0-2: Ball 1-2: Fly out, F8 (Flyball, 8LM, EV 91.9 MPH)
|
Batting: RHB George Boivin
|
0-0: Ball 1-0: Called Strike 1-1: Foul Ball, location: 2F 1-2: Ball 2-2: Ball 3-2: SINGLE (Groundball, 6M, EV 103.8 MPH) (infield hit)
|
Batting: RHB David McDonald
|
0-0: Called Strike 0-1: Ball 1-1: Foul Ball, location: 2F 1-2: Ball 2-2: DOUBLE (Groundball, 5L, EV 108.8 MPH) George Boivin to third
|
Batting: RHB Aaron Stout
|
0-0: Fly out, F8 (Flyball, 8LD, EV 99.4 MPH) Runner from 3rd tags up, SCORES, throw by CF
|
Batting: LHB Edgar Ortiz
|
0-0: Ball 1-0: Ball 2-0: Foul Ball, location: 2F 2-1: SINGLE (Line Drive, 56D, EV 106.9 MPH) David McDonald to third Runner from 3rd tries for Home, SAFE, throw by LF to home
|
Batting: RHB Travis Robinson
|
0-0: Called Strike 0-1: Ball 1-1: Ball 2-1: Ball 3-1: DOUBLE (Line Drive, 78M, EV 113.1 MPH) Edgar Ortiz to third Runner from 3rd tries for Home, throw by LF and OUT! 7-6-2
|
Top of the 4th over - 2 runs, 4 hits, 0 errors, 1 left on base; University of North Carolina at Chapel Hill 2 - Rice University 0 |
BOTTOM OF THE 4TH |
Rice University Owls batting - Pitching for University of North Carolina at Chapel Hill Tar Heels : RHP Nate Vandergriff
|
Batting: RHB Tony Casas
|
0-0: Ball 1-0: Ball 2-0: Ball 3-0: Called Strike 3-1: Base on Balls
|
Batting: RHB Troy Trice
|
0-0: Ball 1-0: Grounds into double play, 4-6-3 (Groundball, 34, EV 84.4 MPH)
|
Batting: RHB Josh Faulconer
|
0-0: Ball 1-0: Foul Ball, location: 2F 1-1: Swinging Strike 1-2: Ball 2-2: Ball 3-2: SOLO HOME RUN (Flyball, 7LD, EV 89.4 MPH), Distance : 345 ft
|
Batting: RHB Logan Johnson
|
0-0: SINGLE (Line Drive, 9S, EV 109.4 MPH)
|
Batting: RHB Tony Beaumond
|
0-0: Ball 1-0: Called Strike 1-1: Called Strike 1-2: Fly out, F8 (Flyball, 78D, EV 92.5 MPH)
|
Bottom of the 4th over - 1 run, 2 hits, 0 errors, 1 left on base; University of North Carolina at Chapel Hill 2 - Rice University 1 |
TOP OF THE 5TH |
University of North Carolina at Chapel Hill Tar Heels batting - Pitching for Rice University Owls : LHP Sergio Huerta
|
Batting: RHB Kazushige Hasegawa
|
0-0: Called Strike 0-1: Foul Ball, location: 2F 0-2: Strikes out swinging
|
Batting: RHB Jonathan Livingston
|
0-0: Foul Ball, location: 2F 0-1: Fly out, F6 (Popup, 6M, EV 53.8 MPH)
|
Batting: RHB Norm Wood
|
0-0: Ball 1-0: Ball 2-0: Swinging Strike 2-1: Ball 3-1: Base on Balls
|
Batting: LHB Timotheus Young
|
0-0: Ball 1-0: Fly out, F8 (Flyball, 8RM, EV 91.9 MPH)
|
Top of the 5th over - 0 runs, 0 hits, 0 errors, 1 left on base; University of North Carolina at Chapel Hill 2 - Rice University 1 |
BOTTOM OF THE 5TH |
Rice University Owls batting - Pitching for University of North Carolina at Chapel Hill Tar Heels : RHP Nate Vandergriff
|
Batting: LHB Mason Duffy
|
0-0: SINGLE (Flyball, 9S, EV 89.4 MPH)
|
Batting: RHB Roberto Aispuro
|
0-0: Called Strike 0-1: Called Strike 0-2: Ball 1-2: DOUBLE (Groundball, 5L, EV 103.1 MPH) Mason Duffy to third Runner from 3rd tries for Home, SAFE, no throw by LF
|
Batting: LHB Josh Corkery
|
0-0: Ground out 4-3 (Groundball, 4, EV 105.6 MPH) Roberto Aispuro to third
|
Batting: RHB Dave Crouch
|
0-0: Ball 1-0: Called Strike 1-1: Ball 2-1: Called Strike 2-2: Fly out, F7 (Line Drive, 7D, EV 98.8 MPH) Runner from 3rd tags up, SCORES, no throw by LF
|
Batting: RHB Tony Casas
|
0-0: Foul Ball, location: 2F 0-1: Ball 1-1: Fly out, F4 (Popup, 4, EV 70.6 MPH)
|
Bottom of the 5th over - 2 runs, 2 hits, 0 errors, 0 left on base; University of North Carolina at Chapel Hill 2 - Rice University 3 |
TOP OF THE 6TH |
University of North Carolina at Chapel Hill Tar Heels batting - Pitching for Rice University Owls : LHP Sergio Huerta
|
Batting: RHB George Boivin
|
0-0: Foul Ball, location: 2F 0-1: Ball 1-1: Swinging Strike 1-2: Ball 2-2: Ball 3-2: Strikes out swinging
|
Pitching: LHP Alex Ramirez
|
|
Batting: RHB David McDonald
|
0-0: Foul Ball, location: 2F 0-1: Called Strike 0-2: Foul Ball, location: 2F 0-2: Ball 1-2: Ball 2-2: Ball 3-2: Foul Ball, location: 2F 3-2: Strikes out swinging
|
Batting: RHB Aaron Stout
|
0-0: Ball 1-0: Swinging Strike 1-1: Called Strike 1-2: Fly out, F8 (Flyball, 8LM, EV 81.3 MPH)
|
Top of the 6th over - 0 runs, 0 hits, 0 errors, 0 left on base; University of North Carolina at Chapel Hill 2 - Rice University 3 |
BOTTOM OF THE 6TH |
Rice University Owls batting - Pitching for University of North Carolina at Chapel Hill Tar Heels : RHP Nate Vandergriff
|
Batting: RHB Troy Trice
|
0-0: Called Strike 0-1: Ball 1-1: DOUBLE (Line Drive, 89D, EV 110.0 MPH)
|
Pinch Runner at 2nd Jeff Palmowski:
|
|
Batting: RHB Josh Faulconer
|
0-0: Ball 1-0: Called Strike 1-1: Ball 2-1: Ball 3-1: Foul Ball, location: 2F 3-2: Ground out 6-3 (Groundball, 6M, EV 89.4 MPH) Jeff Palmowski to third
|
Batting: RHB Logan Johnson
|
0-0: Intentional Walk
|
Pitching: RHP Josh Howell
|
|
Batting: RHB Tony Beaumond
|
0-0: Foul Ball, location: 2F 0-1: Ball 1-1: Foul Ball, location: 2F 1-2: Foul Ball, location: 2F 1-2: Foul Ball, location: 2F 1-2: Foul Ball, location: 2F 1-2: Ball 2-2: Strikes out swinging
|
Batting: LHB Mason Duffy
|
0-0: Called Strike 0-1: Ball 1-1: Called Strike 1-2: Ball 2-2: Ball 3-2: Fly out, F8 (Flyball, 8LM, EV 87.5 MPH)
|
Bottom of the 6th over - 0 runs, 1 hit, 0 errors, 2 left on base; University of North Carolina at Chapel Hill 2 - Rice University 3 |
TOP OF THE 7TH |
University of North Carolina at Chapel Hill Tar Heels batting - Pitching for Rice University Owls : LHP Alex Ramirez
|
Batting: LHB Edgar Ortiz
|
0-0: Ball 1-0: Ball 2-0: Ball 3-0: Called Strike 3-1: Swinging Strike 3-2: Foul Ball, location: 2F 3-2: Foul Ball, location: 2F 3-2: Base on Balls
|
Batting: RHB Travis Robinson
|
0-0: Ball 1-0: Called Strike 1-1: Called Strike 1-2: Foul Ball, location: 2F 1-2: Strikes out swinging
|
Batting: RHB Kazushige Hasegawa
|
0-0: Swinging Strike 0-1: Ball 1-1: Ball 2-1: Called Strike 2-2: Ball 3-2: Strikes out swinging
|
Pitching: RHP Cheng-ho Tai
|
|
Batting: RHB Jonathan Livingston
|
0-0: Fly out, F8 (Flyball, 78M, EV 91.9 MPH)
|
Top of the 7th over - 0 runs, 0 hits, 0 errors, 1 left on base; University of North Carolina at Chapel Hill 2 - Rice University 3 |
BOTTOM OF THE 7TH |
Rice University Owls batting - Pitching for University of North Carolina at Chapel Hill Tar Heels : RHP Josh Howell
|
Batting: RHB Roberto Aispuro
|
0-0: Ball 1-0: Called Strike 1-1: SINGLE (Line Drive, 6M, EV 98.8 MPH)
|
Batting: LHB Josh Corkery
|
0-0: Sac Bunt to 5S - play at first, batter OUT! 5-4 Roberto Aispuro to second
|
Batting: RHB Dave Crouch
|
0-0: Called Strike 0-1: Ball 1-1: Ball 2-1: Foul Ball, location: 2F 2-2: Foul Ball, location: 2F 2-2: Foul Ball, location: 2F 2-2: Ball 3-2: Base on Balls
|
Batting: RHB Tony Casas
|
0-0: Ball 1-0: Ball 2-0: Ball 3-0: Called Strike 3-1: Foul Ball, location: 2F 3-2: Base on Balls Roberto Aispuro to third Dave Crouch to second
|
Pitching: LHP Bryan Reynolds
|
|
Batting: LHB Jeff Palmowski
|
0-0: Ball 1-0: Called Strike 1-1: Fly out, F7 (Flyball, 7, EV 76.9 MPH) Runner from 3rd tags up, OUT at HOME! 7-2
|
Bottom of the 7th over - 0 runs, 1 hit, 0 errors, 2 left on base; University of North Carolina at Chapel Hill 2 - Rice University 3 |
TOP OF THE 8TH |
University of North Carolina at Chapel Hill Tar Heels batting - Pitching for Rice University Owls : RHP Cheng-ho Tai
|
Batting: RHB Norm Wood
|
0-0: Ball 1-0: Ball 2-0: Ball 3-0: Base on Balls
|
Pitching: LHP Tyler Portier
|
|
Pinch Hitting: RHB Chris Skaff
|
0-0: Ball 1-0: Sac Bunt to 13 - play at first, batter safe! Norm Wood to second
|
Batting: RHB George Boivin
|
0-0: Ball 1-0: Called Strike 1-1: Ball 2-1: Ball 3-1: Called Strike 3-2: Base on Balls Norm Wood to third Chris Skaff to second
|
Batting: RHB David McDonald
|
0-0: Ball 1-0: Foul Ball, location: 2F 1-1: Fly out, F9 (Line Drive, 89M, EV 87.5 MPH) Runner from 3rd tags up, SCORES, throw by RF
|
Pinch Runner at 2nd Dave Bertheau:
|
|
Batting: RHB Aaron Stout
|
0-0: Foul Ball, location: 2F 0-1: Foul Ball, location: 2F 0-2: Strikes out swinging
|
Batting: RHB R.J. Gomez
|
0-0: Ball 1-0: Ground out 5-3 (Groundball, 56S, EV 83.8 MPH)
|
Top of the 8th over - 1 run, 1 hit, 0 errors, 2 left on base; University of North Carolina at Chapel Hill 3 - Rice University 3 |
BOTTOM OF THE 8TH |
Rice University Owls batting - Pitching for University of North Carolina at Chapel Hill Tar Heels : LHP Bryan Reynolds
|
Now in LF: George Boivin
|
|
Now in CF: Jonathan Livingston
|
|
Now in RF: Dave Bertheau
|
|
Batting: RHB Josh Faulconer
|
0-0: SINGLE (Groundball, 56D, EV 107.5 MPH)
|
Batting: RHB Logan Johnson
|
0-0: Ball 1-0: Foul Ball, location: 2F 1-1: Ball 2-1: Foul Ball, location: 2F 2-2: Fielders Choice at 2nd, 6-4 (Groundball, 56, EV 99.4 MPH)
|
Batting: RHB Tony Beaumond
|
0-0: Ball 1-0: Ball 2-0: Ball 3-0: Called Strike 3-1: Base on Balls Logan Johnson to second
|
Pinch Hitting: RHB Jonas Fernandez
|
0-0: Called Strike 0-1: Fly out, F7 (Flyball, 78M, EV 94.4 MPH)
|
Batting: RHB Roberto Aispuro
|
0-0: Foul Ball, location: 2F 0-1: Fielders Choice at 2nd, 6-4 (Groundball, 56, EV 83.1 MPH)
|
Bottom of the 8th over - 0 runs, 1 hit, 0 errors, 2 left on base; University of North Carolina at Chapel Hill 3 - Rice University 3 |
TOP OF THE 9TH |
University of North Carolina at Chapel Hill Tar Heels batting - Pitching for Rice University Owls : LHP Tyler Portier
|
Pitching: RHP Mike Flynn
|
|
Now in RF: Jeff Buchanan
|
|
Batting: RHB Travis Robinson
|
0-0: Called Strike 0-1: Swinging Strike 0-2: Strikes out swinging
|
Batting: RHB Kazushige Hasegawa
|
0-0: Ball 1-0: Fly out, F9 (Flyball, 89S, EV 71.3 MPH)
|
Batting: RHB Jonathan Livingston
|
0-0: Called Strike 0-1: Ball 1-1: Foul Ball, location: 2F 1-2: Ball 2-2: Strikes out swinging
|
Top of the 9th over - 0 runs, 0 hits, 0 errors, 0 left on base; University of North Carolina at Chapel Hill 3 - Rice University 3 |
BOTTOM OF THE 9TH |
Rice University Owls batting - Pitching for University of North Carolina at Chapel Hill Tar Heels : LHP Bryan Reynolds
|
Pitching: LHP Min Xue
|
|
Pinch Hitting: RHB Steve Goodall
|
0-0: Foul Ball, location: 2F 0-1: Ball 1-1: Ground out 6-3 (Groundball, 6, EV 103.1 MPH)
|
Batting: RHB Dave Crouch
|
0-0: Called Strike 0-1: SINGLE (Flyball, 6D, EV 88.1 MPH)
|
Batting: RHB Tony Casas
|
0-0: Foul Ball, location: 2F 0-1: Swinging Strike 0-2: Ball 1-2: Ball 2-2: Foul Ball, location: 2F 2-2: Fly out, F3 (Popup, 34S, EV 66.9 MPH)
|
Batting: LHB Jeff Palmowski
|
0-0: Ball 1-0: Called Strike 1-1: Ball 2-1: Fly out, F6 (Flyball, 6D, EV 87.5 MPH)
|
Bottom of the 9th over - 0 runs, 1 hit, 0 errors, 1 left on base; University of North Carolina at Chapel Hill 3 - Rice University 3 |
TOP OF THE 10TH |
University of North Carolina at Chapel Hill Tar Heels batting - Pitching for Rice University Owls : RHP Mike Flynn
|
Now at 2B: Steve Goodall
|
|
Batting: RHB Norm Wood
|
0-0: Ball 1-0: Foul Ball, location: 2F 1-1: Swinging Strike 1-2: Ball 2-2: Ball 3-2: SINGLE (Groundball, 6MD, EV 105.6 MPH)
|
Batting: LHB Dave Bertheau
|
0-0: Called Strike 0-1: Sac Bunt to 13S - play at first, batter OUT! 1-4 Norm Wood to second
|
Batting: RHB George Boivin
|
0-0: Called Strike 0-1: Ball 1-1: Foul Ball, location: 2F 1-2: Strikes out looking
|
Batting: RHB David McDonald
|
0-0: Called Strike 0-1: Ball 1-1: Called Strike 1-2: Ball Passed Ball! Norm Wood to third 2-2: Ball 3-2: Foul Ball, location: 2F 3-2: Strikes out swinging
|
Top of the 10th over - 0 runs, 1 hit, 0 errors, 1 left on base; University of North Carolina at Chapel Hill 3 - Rice University 3 |
BOTTOM OF THE 10TH |
Rice University Owls batting - Pitching for University of North Carolina at Chapel Hill Tar Heels : LHP Min Xue
|
Pitching: LHP Ken Dewey
|
|
Batting: RHB Josh Faulconer
|
0-0: Ball 1-0: Swinging Strike 1-1: Ball 2-1: Swinging Strike 2-2: Ball 3-2: Foul Ball, location: 2F 3-2: Base on Balls
|
Batting: RHB Logan Johnson
|
0-0: Fly out, F9 (Flyball, 9LD, EV 108.8 MPH)
|
Batting: RHB Tony Beaumond
|
0-0: Ball 1-0: Foul Ball, location: 2F 1-1: Ball 2-1: Foul Ball, location: 2F 2-2: Strikes out looking
|
Batting: RHB Jeff Buchanan
|
0-0: Ball 1-0: Foul Ball, location: 2F 1-1: Ball 2-1: Ball Josh Faulconer steals 2nd base 3-1: Called Strike 3-2: Strikes out swinging
|
Bottom of the 10th over - 0 runs, 0 hits, 0 errors, 1 left on base; University of North Carolina at Chapel Hill 3 - Rice University 3 |
TOP OF THE 11TH |
University of North Carolina at Chapel Hill Tar Heels batting - Pitching for Rice University Owls : RHP Mike Flynn
|
Pitching: LHP Mike Rosas
|
|
Batting: RHB Aaron Stout
|
0-0: Ball 1-0: Ball 2-0: Called Strike 2-1: SINGLE (Groundball, 3S, EV 64.4 MPH) (infield hit)
|
Batting: RHB R.J. Gomez
|
0-0: Called Strike 0-1: Foul Ball, location: 2F 0-2: Ball 1-2: Ground out 6-3 (Groundball, 6S, EV 71.3 MPH) Aaron Stout to second
|
Batting: RHB Travis Robinson
|
0-0: Ground out 4-3 (Groundball, 4M, EV 103.8 MPH) Aaron Stout to third
|
Batting: RHB Kazushige Hasegawa
|
0-0: Intentional Walk
|
Batting: RHB Jonathan Livingston
|
0-0: Ball 1-0: Foul Ball, location: 2F 1-1: Ball 2-1: Swinging Strike 2-2: Ball 3-2: SINGLE (Line Drive, 8LS, EV 99.4 MPH) Aaron Stout scores Kazushige Hasegawa to second Kazushige Hasegawa to third
|
Batting: RHB Norm Wood
|
0-0: Fielders Choice at 2nd, U6 (Groundball, 6M, EV 83.8 MPH)
|
Top of the 11th over - 1 run, 2 hits, 0 errors, 2 left on base; University of North Carolina at Chapel Hill 4 - Rice University 3 |
BOTTOM OF THE 11TH |
Rice University Owls batting - Pitching for University of North Carolina at Chapel Hill Tar Heels : LHP Ken Dewey
|
Pitching: LHP Jason Haas
|
|
Batting: RHB Roberto Aispuro
|
0-0: Called Strike 0-1: Ground out 6-3 (Groundball, 56, EV 91.9 MPH)
|
Batting: RHB Steve Goodall
|
0-0: Ball 1-0: Swinging Strike 1-1: Ball 2-1: Called Strike 2-2: Ball 3-2: Foul Ball, location: 2F 3-2: Base on Balls
|
Batting: RHB Dave Crouch
|
0-0: Ball 1-0: Ball 2-0: Called Strike 2-1: Foul Ball, location: 2F 2-2: Ball 3-2: SINGLE (Line Drive, 9LM, EV 95.0 MPH) Steve Goodall to second Runner from 2nd tries for 3rd, SAFE, throw by RF made to third Dave Crouch to second
|
Batting: RHB Tony Casas
|
0-0: Intentional Walk
|
Batting: SHB Justin Towry
|
0-0: Foul Ball, location: 2F 0-1: Ball 1-1: Foul Ball, location: 2F 1-2: Ball 2-2: SINGLE (Line Drive, 78M, EV 84.4 MPH) Steve Goodall scores Dave Crouch to third Tony Casas to second
|
Batting: RHB Josh Faulconer
|
0-0: Swinging Strike 0-1: Ball Wild Pitch! Dave Crouch scores
|
Bottom of the 11th over - 2 runs, 2 hits, 0 errors, 0 left on base; University of North Carolina at Chapel Hill 4 - Rice University 5 |
|
Game Over ... Rice University defeats University of North Carolina at Chapel Hill, 5 to 4
|
|
|